 Dungeon Crawl Stone Soup version 0.15.1-3-g1b33baa (webtiles) character file.

7975 Heini the Basher (level 11, -7/102 HPs)
             Began as a Minotaur Fighter on Oct 10, 2014.
             Was a High Priest of Okawaru.
             Mangled by a blue devil (12 damage)
             ... in an ice cave.
             The game lasted 00:36:48 (8177 turns).

Heini the Basher (Minotaur Fighter)                 Turns: 8177, Time: 00:36:49

HP  -7/102       AC 14     Str 24      XL: 11   Next:  3%
MP   4/4         EV  7     Int  7      God: Okawaru [*****.]
Gold 338         SH  9     Dex 10      Spells:  0 memorised, 10 levels left

rFire  . . .     SeeInvis .     C - +2 flail (holy)
rCold  + . .     Clarity  .     D - +0 scale mail
rNeg   + . .     rCorr    .     c - +0 shield
rPois  .         rRot     .     (helmet restricted)
rElec  .         Spirit   .     f - +1 cloak
SustAb .         Warding  +     F - +2 pair of gloves
rMut   .         Stasis   .     (no boots)
Gourm  .                        I - amulet of warding
MR     .....                    t - +2 ring of intelligence
                                l - ring of protection from cold

@: about to teleport, not resistant to hostile enchantments, extremely
unstealthy
A: retaliatory headbutt, horns 2
a: Heroism, Finesse, Renounce Religion


You were in an ice cave.
You worshipped Okawaru.
Okawaru was extremely pleased with you.
You were not hungry.

You visited 2 branches of the dungeon, and saw 9 of its levels.
You also visited: Ice Cave.

You collected 338 gold pieces.

Inventory:

Hand weapons
 a - a +1 flail
 u - a +0 morningstar
 C - a +2 flail of holy wrath (weapon)
Armour
 c - a +0 shield (worn)
 f - a +1 cloak (worn)
 D - a +0 scale mail (worn)
 F - a +2 pair of gloves (worn)
 J - a +0 plate armour
Magical devices
 r - a wand of magic darts (13) {unknown}
 A - a wand of paralysis (7) {unknown}
 G - a wand of teleportation (5) {unknown}
Comestibles
 d - 4 bread rations
 h - 5 meat rations
 n - 3 beef jerkies
 v - 8 slices of pizza
 N - a royal jelly
Scrolls
 j - 6 scrolls of teleportation
 w - 4 scrolls of remove curse
 y - a scroll of fog
 z - a scroll of enchant armour
 E - a scroll of magic mapping
Jewellery
 l - a ring of protection from cold (left hand)
 t - a +2 ring of intelligence (right hand)
 I - an amulet of warding (around neck)
Potions
 e - 3 potions of might
 i - 2 potions of confusion
 k - 2 potions of haste
 m - a potion of cancellation
 o - a potion of beneficial mutation {unknown}
 p - 2 potions of restore abilities {unknown}
 q - 4 potions of curing
 s - 2 potions of brilliance
 B - a potion of lignification {unknown}
 K - a potion of degeneration {unknown}
 M - a potion of agility
Books
 b - a Grand Grimoire {highlevel, unknown}

   This book is beyond your current level of understanding.

   Spells                             Type                      Level
   Aura of Abjuration                 Summoning                    6
   Forceful Dismissal                 Summoning                    6
   Summon Greater Demon               Summoning                    7
   Malign Gateway                     Summoning/Translocation      7
   Summon Horrible Things             Summoning                    8


   Skills:
 * Level 11.3 Fighting
 * Level 13.6 Maces & Flails
 * Level 10.7 Armour
 - Level 3.8 Shields


You had 10 spell levels left.
You didn't know any spells.

Dungeon Overview and Level Annotations

Branches:
Dungeon (8/15)             Temple (0/1) D:5            Lair (1/8) D:8

Altars:
Ashenzari
Cheibriados
Okawaru
Sif Muna
Trog
Xom

Shops:
D:4 =

Annotations:
IceCv exclusion: ice statue


Innate Abilities, Weirdness & Mutations

You reflexively headbutt those who attack you in melee.
You have a pair of horns on your head.


Message History

You are engulfed in freezing vapours.
You resist.
* * * LOW HITPOINT WARNING * * *
You block the blue devil's attack. The ice statue throws cold at you.
The bolt of cold hits you! You resist.
* * * LOW HITPOINT WARNING * * *
You hit the blue devil but do no damage.
The blue devil is heavily wounded.
You are engulfed in freezing vapours.
You resist.
* * * LOW HITPOINT WARNING * * *
The ice statue glitters chillingly in the dim dungeon light.
You block the blue devil's attack.
Drink which item? (? for menu, Esc to quit)
Okay, then.
Read which item? (? for menu, Esc to quit)
As you read the scroll of teleportation, it crumbles to dust.
You feel strangely unstable.
The ice statue glitters chillingly in the dim dungeon light.
The blue devil hits you!
You die...

###.8...8.###
#.'.......'.#
###.8...8.###
#.'.......'.#
###.8.§§8.###
#.'...§...'.#
#+######'######'
#.....4.........#
####8@#####.8###
##.# ## #.# #.#
#.# #.. ###


You could see an ice statue and a blue devil.

Vanquished Creatures
  2 ice statues (IceCv)
  A griffon (D:8)
  2 komodo dragons (Lair:1)
  Prince Ribbit (D:7)
  2 blue devils (IceCv)
  A deep elf mage (D:8)
  A hungry ghost (D:8)
  A human (D:7)
  A hippogriff (D:7)
  8 yaks
  Edmund (D:5)
  14 ice beasts
  An orc warrior (D:6)
  A phantom (D:4)
  4 ogres
  3 porcupines
  A centaur (D:8)
  Blork the orc (D:8)
  3 giant frogs
  3 scorpions
  A hippogriff zombie (D:5)
  4 draconian simulacra (IceCv)
  2 crimson imps
  2 goliath beetles (D:6)
  An elf zombie (D:8)
  3 jellies
  A centaur skeleton (D:5)
  7 orc wizards
  4 orc priests
  An iguana (D:8)
  2 hounds
  Natasha (thrice) (D:3)
  2 sheep (D:7)
  4 worker ants
  A spriggan simulacrum (IceCv)
  3 centaur simulacra (IceCv)
  An ogre zombie (D:6)
  A big kobold skeleton (D:7)
  A hound zombie (D:8)
  A naga simulacrum (IceCv)
  10 adders
  13 green rats
  An ogre simulacrum (IceCv)
  2 shadow imps
  2 giant mites (D:4)
  2 worms
  An adder skeleton (D:4)
  8 giant geckos
  2 oozes
  28 orcs
  4 giant cockroaches
  14 goblins
  9 hobgoblins
  6 jackals
  7 quokkas
  2 ball pythons
  8 bats
  4 giant newts
  A gnoll skeleton (D:4)
  8 kobolds
  A kobold skeleton (D:4)
  A kobold zombie (D:5)
  13 rats
244 creatures vanquished.

Notes
Turn   | Place    | Note
--------------------------------------------------------------
     0 | D:1      | Heini, the Minotaur Fighter, began the quest for the Orb.
     0 | D:1      | Reached XP level 1. HP: 19/19 MP: 1/1
   224 | D:1      | Reached XP level 2. HP: 27/27 MP: 1/1
   752 | D:2      | Found an iron altar of Okawaru.
   762 | D:2      | Became a worshipper of Warmaster Okawaru
   838 | D:2      | Reached skill level 4 in Armour
   950 | D:2      | Reached XP level 3. HP: 28/33 MP: 2/2
  1562 | D:3      | Found a shimmering altar of Xom.
  1620 | D:3      | Noticed Natasha
  1625 | D:3      | Killed Natasha
  1625 | D:3      | Reached XP level 4. HP: 33/41 MP: 2/2
  1630 | D:3      | Noticed Natasha
  1653 | D:3      | Killed Natasha
  1685 | D:3      | Noticed Natasha
  2068 | D:3      | Reached skill level 5 in Armour
  2289 | D:3      | Killed Natasha
  2338 | D:4      | Reached skill level 5 in Fighting
  2338 | D:4      | Reached XP level 5. HP: 46/48 MP: 2/2
  2375 | D:4      | Acquired Okawaru's first power
  2520 | D:4      | Reached XP level 6. HP: 30/56 MP: 3/3
  2677 | D:4      | Noticed a phantom
  2708 | D:4      | Killed a phantom
  2708 | D:4      | Reached skill level 6 in Armour
  2722 | D:4      | Found Uviukhov's Jewellery Boutique.
  2761 | D:4      | Reached skill level 5 in Maces & Flails
  3235 | D:4      | Reached XP level 7. HP: 63/63 MP: 3/3
  3387 | D:5      | Entered Level 5 of the Dungeon
  3507 | D:5      | Found a staircase to the Ecumenical Temple.
  3565 | D:5      | Noticed Edmund
  3907 | D:5      | Killed Edmund
  3907 | D:5      | Reached skill level 7 in Armour
  4356 | D:6      | Reached XP level 8. HP: 45/71 MP: 3/3
  4455 | D:6      | Found a bloodstained altar of Trog.
  4479 | D:6      | Found a shattered altar of Ashenzari.
  4584 | D:6      | Found a snail-covered altar of Cheibriados.
  4603 | D:6      | Reached skill level 8 in Armour
  5322 | D:7      | Noticed Prince Ribbit
  5330 | D:7      | Killed Prince Ribbit
  5330 | D:7      | Reached skill level 9 in Maces & Flails
  5396 | D:7      | Reached XP level 9. HP: 78/81 MP: 4/4
  5408 | D:7      | Reached skill level 10 in Maces & Flails
  5740 | D:7      | Found a deep blue altar of Sif Muna.
  6030 | D:7      | Acquired Okawaru's second power
  6113 | D:7      | Reached skill level 11 in Maces & Flails
  6740 | D:8      | Found a staircase to the Lair.
  6997 | D:8      | Reached XP level 10. HP: 71/93 MP: 4/4
  7048 | D:8      | Reached skill level 10 in Fighting
  7200 | D:8      | Noticed Blork the orc
  7206 | D:8      | Killed Blork the orc
  7296 | D:8      | Noticed a griffon
  7296 | D:8      | Reached skill level 12 in Maces & Flails
  7306 | D:8      | Killed a griffon
  7306 | D:8      | Reached skill level 10 in Armour
  7564 | Lair:1   | Entered Level 1 of the Lair of Beasts
  7694 | Lair:1   | Found a frozen archway.
  7720 | Lair:1   | Reached skill level 13 in Maces & Flails
  7727 | IceCv    | Entered an ice cave
  7981 | IceCv    | Noticed an ice statue
  7981 | IceCv    | Noticed an ice statue
  7997 | IceCv    | Killed an ice statue
  8044 | IceCv    | Killed an ice statue
  8044 | IceCv    | Reached XP level 11. HP: 52/102 MP: 4/4
  8067 | IceCv    | Noticed an ice devil
  8072 | IceCv    | Noticed an ice devil
  8151 | IceCv    | Noticed an ice statue
  8176 | IceCv    | HP: 5/102 [ice statue] (7)]
  8177 | IceCv    | Mangled by a blue devil

Action                   |  1- 3 |  4- 6 |  7- 9 | 10-12 || total
-------------------------+-------+-------+-------+-------++-------
Melee: Flail             |    93 |   158 |   309 |   239 ||   799
  Use: Scroll            |     6 |     4 |     5 |     7 ||    22
       Potion            |       |     1 |     1 |     1 ||     3
  Eat: Chunk             |     2 |     6 |     9 |     2 ||    19
       Fruit             |       |       |     3 |       ||     3
       Meat ration       |       |       |       |     1 ||     1
